 Dungeon Crawl Stone Soup version 0.31.0-32-g396128a36d (webtiles) character file.

Game seed: 10649431956367420573

119 Doomgape the Covered (level 5, -1/33 HPs)
             Began as a Gargoyle Fighter on Mar 24, 2024.
             Was an Initiate of Okawaru.
             Incinerated by a bombardier beetle (8 damage)
             ... with a burning spray
             ... on level 4 of the Dungeon.
             The game lasted 00:04:57 (2227 turns).

Doomgape the Covered (Gargoyle Fighter)             Turns: 2227, Time: 00:04:58

Health: -1/33      AC: 14    Str: 22    XL:     5   Next: 3%
Magic:  5/5        EV:  8    Int:  8    God:    Okawaru [......]
Gold:   311        SH:  4    Dex:  9    Spells: 4/4 levels left

rFire   . . .        a - +0 flail
rCold   . . .        c - +0 buckler
rNeg    + . .        e - +1 chain mail
rPois   ∞            (no helmet)
rElec   +            (no cloak)
rCorr   .            (no gloves)
SInv    .            (no boots)
Will    .....        (no amulet) Stlth
                     (no ring)
HPRegen 0.25/turn    (no ring)
MPRegen 0.09/turn

%: no passive effects
@: on fire, glowing
A: sickness immunity, AC +4, negative energy resistance 1, electricity
resistance, torment resistance 1, petrification resistance
a: Renounce Religion


You were on level 4 of the Dungeon.
You worshipped Okawaru.
Okawaru was noncommittal.
You visited 1 branch of the dungeon, and saw 4 of its levels.

You collected 311 gold pieces.

Inventory:

Hand Weapons
 a - a +0 flail (weapon)
Armour
 c - a +0 buckler (worn)
 e - a +1 chain mail (worn)
Scrolls
 b - a scroll of vulnerability {unknown}
 f - 3 scrolls of enchant armour
 h - a scroll of identify
 l - 2 scrolls of enchant weapon {unknown}
 n - a scroll of fog {unknown}
Potions
 d - a potion of might
 g - a potion of degeneration {unknown}
 j - a potion of brilliance {unknown}
 m - a potion of heal wounds


   Skills:
 + Level 4.1 Fighting
 + Level 3.0 Maces & Flails
 + Level 4.1 Armour
 + Level 4.1 Shields


You had 4 spell levels left.
You didn't know any spells.
Your spell library contained the following spells:

 Spells                   Type           Power      Damage    Failure   Level
 Freeze                   Ice            0%         1d3       98%         1
 Shock                    Conj/Air       0%         1d3       98%         1
 Frozen Ramparts          Ice            0%         1d1       100%        3
 Hailstorm                Conj/Ice       0%         3d5       100%        3
 Swiftness                Air            0%         N/A       100%        3
 Airstrike                Air            0%         2d(0-16)  100%        4


Dungeon Overview and Level Annotations

Branches:
Dungeon (4/15)
 Temple: D:4-7

Altars:
Ashenzari
Okawaru


Innate Abilities, Weirdness & Mutations

You are immune to sickness and miasma.
Your stone body is resilient. (AC +4)
You are immune to poison.
You resist negative energy. (rN+)
You are resistant to electric shocks. (rElec)
You are resistant to unholy torment.
You are immune to petrification.


Message History

You hit the bombardier beetle but do no damage.
The bombardier beetle is moderately wounded.
The liquid fire burns you!
The bombardier beetle completely misses you.
Unknown command.
Unknown command.
You feel much better. The liquid fire burns you!
You block the bombardier beetle's attack.
Unknown command.
Unknown command.
Unknown command.
You hit the bombardier beetle but do no damage.
The bombardier beetle is moderately wounded.
The liquid fire burns you!
You completely miss the bombardier beetle.
The bombardier beetle is moderately wounded.
The liquid fire burns you! The bombardier beetle bites you.
Unknown command.
You hit the bombardier beetle but do no damage.
The bombardier beetle is moderately wounded.
The liquid fire burns you!
You block the bombardier beetle's attack.
Unknown command.
You hit the bombardier beetle but do no damage.
The bombardier beetle is lightly wounded.
The liquid fire burns you!
* * * LOW HITPOINT WARNING * * *
The bombardier beetle sprays incendiary fluid at you.
The burning spray hits you.
You are even more covered in liquid fire!
You barely miss the bombardier beetle.
The bombardier beetle is lightly wounded.
The liquid fire burns you!
* * * LOW HITPOINT WARNING * * *
You barely miss the bombardier beetle.
The bombardier beetle is lightly wounded.
The liquid fire burns you!
You die...

#...# #...#
#####...####
...........
.......... ......(
#.B†# #..@# #...#
#...#
#####...#####
#......†)...#
#<####.#....#
####.####.#....##
#...............##
#.##.#...........#


You could see a bombardier beetle.

Vanquished Creatures
  3 gnolls (D:2)
  3 adders
  2 dart slugs
  A ribbon worm (D:3)
  An orc (D:3)
  A bat (D:3)
  4 endoplasms
  3 giant cockroaches
  6 goblins
  6 hobgoblins
  6 quokkas
  6 ball pythons
  A frilled lizard (D:2)
  7 kobolds
  A rat (D:3)
51 creatures vanquished.

Notes
Turn   | Place    | Note
-------+----------+-------------------------------------------
     0 | D:1      | Doomgape the Gargoyle Fighter began the quest for the Orb.
     0 | D:1      | Reached XP level 1. HP: 14/14 MP: 1/1
   184 | D:1      | Reached XP level 2. HP: 16/19 MP: 2/2
   749 | D:2      | Reached XP level 3. HP: 22/24 MP: 3/3
  1066 | D:2      | Reached XP level 4. HP: 28/29 MP: 4/4
  1443 | D:3      | Found an iron altar of Okawaru.
  1465 | D:3      | Became a worshipper of Warmaster Okawaru
  1865 | D:3      | Found a faded altar of an unknown god.
  2082 | D:4      | Reached XP level 5. HP: 33/33 MP: 5/5
  2110 | D:4      | Found a broken altar of Ashenzari.
  2227 | D:4      | Incinerated by a bombardier beetle

Illustrated notes

Levels and vault maps discovered:
D:1:      saegor_arrival_miasma, layout_loops_ring, minmay_stone_trees_small,
          minmay_gold_behind_fungi
D:2:      layout_loops_ring, fountainhead
D:3:      layout_rooms, okawaru_gym_becter, chequers_ecumenical_altar_lobes,
          minmay_increasing_density
D:4:      layout_loops_cross, nicolae_ashenzari_panopticon,
          mainiacjoe_sewer_entry_somewhere_in_here_2

Skill      XL: |  1  2  3  4 |
---------------+-------------+-----
Armour         | 4 |  4.1
Fighting       | 4 |  4.1
Shields        | 4 |  4.1
Maces & Flails | 3 |  3.0

Action                     |  1- 3 |  4- 6 || total
---------------------------+-------+-------++-------
  Melee: Flail             |    67 |   153 ||   220
    Use: Scroll            |       |     5 ||     5
         Potion            |       |     1 ||     1
 Armour: Scale mail        |     7 |       ||     7
         Chain mail        |    54 |   128 ||   182
  Dodge: Dodged            |    22 |    92 ||   114
  Block: Buckler           |    11 |    48 ||    59
